AoeStats
← DisherSum

Coastal Forest

503570264Analyzed
2v2 RM · 1mo ago on Sep 1, 2026· 46m 29s· 4 players
Game mode
Random Map
Map size
Medium (4 player)
Population
200
Speed
Normal
Resources
Standard
Victory
Conquest
Starting age
Dark Age
Ending age
Imperial Age
RankedLock teamsTeams togetherTeam positionsShared explorationLock speedFull tech treeHidden civsTurbo modeCheats
Victory
Defeat
🇦🇺 Lithuanians · Australia
967
+17
🇦🇺 Romans · Australia
870
+21
🇧🇪 Malians · Belgium
1024
-21
🇹🇷 Cumans · Türkiye
955
-18
Zarathustra
2:00 Loom
12:44 Feudal Age
13:08 Horse Collar
13:19 Double-Bit Axe
18:27 Wheelbarrow
22:08 Castle Age
20:27 Gold Mining
21:34 Forging
22:21 Arson
22:41 Scale Mail Armor
23:05 Bow Saw
23:21 Bloodlines
23:31 Town Watch
25:08 Squires
25:28 Fletching
27:09 Chain Mail Armor
32:09 Stone Mining
33:12 Bloodlines
33:02 Husbandry
33:20 Heavy Plow
34:25 Scale Barding Armor
33:55 Man-at-Arms
34:59 Husbandry
35:02 Long Swordsman
36:26 Murder Holes
36:42 Pikeman
40:28 Iron Casting
40:16 Hand Cart
40:29 Town Patrol
monsterr1453
5:10 Loom
9:43 Feudal Age
11:22 Double-Bit Axe
15:54 Gold Mining
17:24 Horse Collar
21:39 Castle Age
20:57 Wheelbarrow
20:35 Stone Mining
21:16 Town Watch
22:48 Heavy Plow
23:02 Bow Saw
24:30 Gold Shaft Mining
24:32 Ballistics
25:23 Fletching
25:33 Padded Archer Armor
25:40 Scale Barding Armor
27:29 Leather Archer Armor
27:10 Bodkin Arrow
30:25 Hand Cart
32:02 Bloodlines
31:13 Light Cavalry
32:18 Chain Barding Armor
38:25 Imperial Age
37:56 Caravan
38:23 Scale Mail Armor
38:34 Forging
38:31 Steppe Husbandry
38:54 Hussar
40:14 Plate Barding Armor
40:10 Ring Archer Armor
39:55 Chain Mail Armor
44:24 Plate Mail Armor
44:30 Iron Casting
DisherSum
11:40 Feudal Age
10:35 Loom
15:48 Castle Age
13:36 Double-Bit Axe
19:04 Bow Saw
19:18 Scale Barding Armor
19:23 Forging
19:22 Horse Collar
22:32 Wheelbarrow
22:11 Bloodlines
23:51 Chain Barding Armor
24:07 Iron Casting
24:51 Husbandry
28:13 Hand Cart
31:58 Gold Mining
31:58 Stone Mining
33:43 Iron Casting
33:02 Fletching
33:12 Padded Archer Armor
40:15 Imperial Age
41:15 Ballistics
41:56 Chemistry
41:39 Plate Barding Armor
41:00 Bodkin Arrow
41:20 Leather Archer Armor
40:37 Cavalier
42:03 Conscription
42:20 Paladin
Salted Sugar
11:06 Feudal Age
13:01 Loom
15:31 Man-at-Arms
19:08 Castle Age
16:55 Double-Bit Axe
16:56 Horse Collar
18:08 Man-at-Arms
18:58 Scale Mail Armor
20:47 Bow Saw
20:41 Heavy Plow
22:51 Long Swordsman
23:32 Squires
23:50 Chain Mail Armor
23:47 Forging
29:53 Wheelbarrow
30:44 Ballistas
30:30 Pikeman
31:54 Hand Cart
33:12 Iron Casting
32:42 Scale Barding Armor
33:35 Town Watch
34:45 Gold Mining
38:18 Imperial Age
36:37 Bloodlines
36:28 Husbandry
38:24 Legionary
39:55 Comitatenses
41:31 Murder Holes
41:43 Siege Engineers
41:58 Ballistics
41:50 Masonry
41:14 Elite Centurion
43:10 Conscription
Connection lost

Rejoining the realm…

Still unreachable

The connection could not be restored.

Session expired

The server has moved on; the page needs a fresh start.